 Dungeon Sprint DCSS version 0.18-a0-33-g9e10395 (console) character file.

177 Kellhus the Carver (level 5, -5/42 HPs)
             Began as a Demigod Fighter on Nov 5, 2015.
             Slain by an orc warrior
             ... wielding a +0 war axe
              (10 damage)
             ... in the Dungeon (Sprint IX: "|||||||||||||||||||||||||||||").
             The game lasted 00:00:24 (192 turns).

Kellhus the Carver (Demigod Fighter)                 Turns: 192, Time: 00:00:25

Health: -5/42      AC:  6    Str: 19    XL:     5   Next: 9%
Magic:  7/7        EV:  7    Int: 12    God:
Gold:   0          SH:  9    Dex: 17    Spells: 0 memorised, 4 levels left

rFire  . . .     SeeInvis .     a - +0 long sword
rCold  . . .     Clarity  .     b - +0 scale mail
rNeg   . . .     SustAt   +     c - +0 shield
rPois  .         Gourm    .     (no helmet)
rElec  .         Spirit   .     (no cloak)
rCorr  .         Warding  .     (no gloves)
rMut   .         NoTele   +     (no boots)
MR     .....                    (no amulet)
Stlth  ..........               (no ring)
                                (no ring)

@: not resistant to hostile enchantments, extremely unstealthy
A: high mp 1, sustain attributes
a: no special abilities


You were in the Dungeon.
You were not hungry.

You visited 1 branch

Inventory:

Hand Weapons
 a - a +0 long sword (weapon)
Armour
 b - a +0 scale mail (worn)
 c - a +0 shield (worn)
 o - a +0 pair of boots
 p - a +0 pair of gloves
Jewellery
 q - a +3 ring of intelligence
 r - a +2 ring of protection
Wands
 n - a wand of draining (7)
Scrolls
 k - 2 scrolls of blinking
 l - 3 scrolls of remove curse
 m - 2 scrolls of amnesia
Potions
 d - a potion of might
 f - 5 potions of curing
 g - 3 potions of heal wounds
 h - a potion of haste
 i - 4 potions of magic
Comestibles
 e - a bread ration


   Skills:
 - Level 2.6 Fighting
 + Level 10.1 Long Blades
 - Level 2.6 Armour
 - Level 2.6 Shields


You had 4 spell levels left.
You didn't know any spells.

Dungeon Overview and Level Annotations

Branches:
Dungeon (1/1)


Innate Abilities, Weirdness & Mutations

You have an increased reservoir of magic (+10% MP).
Your attributes are resistant to harm.


Message History

The bat zombie hits you but does no damage.
You slash the bat zombie!
You destroy the bat zombie!
The orc warrior throws a tomahawk.
The tomahawk hits you!
The phantom blinks!
The orc warrior hits you with a war axe.
There is an open door to the Dungeon here.
You hit the orc warrior but do no damage.
You block the orc warrior's attack.
You closely miss the orc warrior.
The orc warrior hits you with a war axe.
You slash the orc warrior!
The orc warrior is moderately wounded.
The orc warrior hits you with a war axe!
* * * LOW HITPOINT WARNING * * *
You hit the orc warrior but do no damage.
The orc warrior is moderately wounded.
You hit the orc warrior.
The orc warrior is heavily wounded.
The orc warrior hits you with a war axe!
You die... ▓▓▓▓▓▓▓▓▓▓▓▓▓▓▓▓▓▓▓▓▓▓▓▓ +.OWYOo@(.[..)|.!'______ ▓▓▓▓▓▓▓▓▓▓▓▓▓▓▓▓▓▓▓▓▓▓▓▓

You could see a yak, a phantom, an orc warrior and 2 ogres.

Vanquished Creatures
  2 ogres (D)
  An adder zombie (D)
  A giant gecko (D)
  A bat zombie (D)
  A giant cockroach (D)
  A hobgoblin (D)
  A giant gecko zombie (D)
  A giant newt (D)
  2 rats (D)
11 creatures vanquished.

Notes
Turn   | Place    | Note
--------------------------------------------------------------
     0 | D        | Kellhus the Demigod Fighter began the quest for the Orb.
     0 | D        | Reached XP level 1. HP: 18/18 MP: 3/3
     9 | D        | Reached skill level 3 in Long Blades
    75 | D        | Noticed an ogre
    75 | D        | Noticed an ogre
    79 | D        | Killed an ogre
    79 | D        | Reached skill level 8 in Long Blades
    79 | D        | Reached XP level 2. HP: 25/25 MP: 4/4
    79 | D        | Reached XP level 3. HP: 30/30 MP: 5/5
    79 | D        | Reached XP level 4. HP: 37/37 MP: 6/6
    87 | D        | Killed an ogre
    87 | D        | Reached skill level 10 in Long Blades
    87 | D        | Reached XP level 5. HP: 42/42 MP: 7/7
   140 | D        | Found a glowing silver altar of Zin.
   140 | D        | Found a glowing golden altar of the Shining One.
   140 | D        | Found an ancient bone altar of Kikubaaqudgha.
   140 | D        | Found a basalt altar of Yredelemnul.
   140 | D        | Found a shimmering altar of Xom.
   140 | D        | Found a radiant altar of Vehumet.
   141 | D        | Found an iron altar of Okawaru.
   142 | D        | Found a burning altar of Makhleb.
   143 | D        | Found a deep blue altar of Sif Muna.
   144 | D        | Found a bloodstained altar of Trog.
   145 | D        | Found a sparkling altar of Nemelex Xobeh.
   146 | D        | Found a white marble altar of Elyvilon.
   147 | D        | Found a roughly hewn altar of Beogh.
   148 | D        | Found a viscous altar of Jiyva.
   149 | D        | Found a corrupted altar of Lugonu.
   150 | D        | Found a blossoming altar of Fedhas.
   151 | D        | Found a snail-covered altar of Cheibriados.
   152 | D        | Found a shadowy altar of Dithmenos.
   153 | D        | Found a stormy altar of Qazlal.
   154 | D        | Found an opulent altar of Gozag.
   155 | D        | Found a sacrificial altar of Ru.
   181 | D        | Noticed an ogre
   181 | D        | Noticed a phantom
   181 | D        | Noticed a yak
   181 | D        | Noticed an ogre
   181 | D        | Noticed an orc warrior
   192 | D        | Slain by an orc warrior

Vault maps used:
D:        linesprint

Action                   |  1- 3 |  4- 6 || total
-------------------------+-------+-------++-------
Melee: Long sword        |    18 |    17 ||    35
  Use: Potion            |     1 |       ||     1
